 Dungeon Crawl Stone Soup version 0.26.0-5-gb5863c6483 (webtiles) character file.

Game seed: 7697930103230644202

81918 Fulmax the Severer (level 15, -6/151 HPs)
             Began as a Deep Dwarf Fighter on Jan 10, 2021.
             Was the Champion of Makhleb.
             Mangled by a deep troll (16 damage)
             ... while paralysed by a floating eye
             ... on level 14 of the Dungeon.
             The game lasted 01:19:40 (16359 turns).

Fulmax the Severer (Deep Dwarf Fighter)            Turns: 16359, Time: 01:19:41

Health: -6/151     AC: 23    Str: 25    XL:     15   Next: 28%
Magic:  17/17      EV:  2    Int: 10    God:    Makhleb [******]
Gold:   1392       SH:  0    Dex: 12    Spells: 14/14 levels left

rFire    . . .     SeeInvis +   X - +9 war axe of Yhu Lutys {drain, *Contam *Slow rPois Will++ Stlth+}
rCold    . . .     Faith    .   c - +0 kite shield
rNeg     + . .     Spirit   .   r - +4 ring mail the Silly Griffon {Rampage rElec}
rPois    +         Reflect  .   S - +2 hat {Will+}
rElec    +         Harm     .   L - +0 cloak
rCorr    .         Rampage  +   Q - +0 pair of gloves
Will     +++++                  W - +1 pair of boots
Stlth    ++........             (no amulet)
HPRegen  0.00/turn              g - +4 ring of protection
MPRegen  0.15/turn              N - ring of see invisible

@: paralysed, non-regenerating, studying Armour
A: damage resistance, heal wounds, negative energy resistance 1, sense
surroundings 2, no regeneration
a: Heal Wounds, Renounce Religion, Minor Destruction, Lesser Servant of Makhleb,
Major Destruction, Greater Servant of Makhleb


You were on level 14 of the Dungeon.
You worshipped Makhleb.
Makhleb was exalted by your worship.
You visited 3 branches of the dungeon, and saw 21 of its levels.
You also visited: Ossuary.

You collected 1584 gold pieces.
You spent 192 gold pieces at shops.

Inventory:

Hand Weapons
 X - the +9 war axe of Yhu Lutys (weapon) {drain, *Contam *Slow rPois Will++ Stlth+}
   (You found it on level 13 of the Dungeon)

   A truly terrible weapon, it drains the life of those it strikes.
   It protects you from poison.
   It affects your willpower, your defense against some magical effects.
   It causes magical contamination when unequipped.
   It may slow you when you take damage.
   It makes you more stealthy.
Missiles
 Y - 6 silver javelins
Armour
 c - a +0 kite shield (worn)
 q - a +0 plate armour
 r - the +4 ring mail the Silly Griffon (worn) {Rampage rElec}
   (You found it on level 5 of the Lair of Beasts)

   It insulates you from electricity.
   It bestows one free step when moving towards enemies.
 L - a +0 cloak (worn)
 Q - a +0 pair of gloves (worn)
 S - a +2 hat of willpower (worn)
 W - a +1 pair of boots (worn)
Jewellery
 d - an uncursed ring of protection from cold
 g - a +4 ring of protection (left hand)
 n - a cursed amulet of inaccuracy {unknown}
 y - a +6 ring of intelligence
 E - an uncursed amulet of magic regeneration
 N - a ring of see invisible (right hand)
 U - an uncursed ring of protection from fire
Wands
 a - a wand of iceblast (7)
 s - a wand of flame (33) (quivered)
 B - a wand of paralysis (11)
 C - a wand of disintegration (17)
 V - a wand of polymorph (16)
Scrolls
 b - 3 scrolls of brand weapon
 f - 3 scrolls of magic mapping
 i - 2 scrolls of fog
 j - 14 scrolls of teleportation
 o - 11 scrolls of remove curse
 p - 9 scrolls of identify
 D - 4 scrolls of blinking
 F - 3 scrolls of enchant weapon
 J - 2 scrolls of fear
 M - a scroll of holy word
 P - 3 scrolls of amnesia
 T - 4 scrolls of enchant armour
Potions
 e - 9 potions of heal wounds
 h - 3 potions of brilliance
 k - 9 potions of curing
 l - 5 potions of flight
 m - 4 potions of lignification
 t - a potion of resistance
 u - 2 potions of magic
 v - 3 potions of attraction
 w - 6 potions of haste
 x - a potion of cancellation
 z - 2 potions of ambrosia
 H - 2 potions of mutation
 R - 2 potions of might
 Z - a potion of berserk rage
Books
 A - a manual of Armour


   Skills:
 + Level 14.1 Fighting
 + Level 15.2 Axes
 + Level 13.4 Armour
 - Level 8.0 Shields
 + Level 11.2 Invocations
 + Level 11.2 Evocations


You had 14 spell levels left.
You didn't know any spells.
Your spell library contained the following spells:

 Spells                   Type           Power        Failure   Level
 Freeze                   Ice            0%           77%         1
 Sandblast                Erth           0%           77%         1
 Passwall                 Tmut/Erth      0%           88%         2
 Frozen Ramparts          Ice            0%           98%         3
 Ozocubu's Armour         Ice            0%           98%         3
 Stone Arrow              Conj/Erth      0%           98%         3
 Hailstorm                Conj/Ice       0%           100%        4
 Petrify                  Tmut/Erth      0%           100%        4
 Summon Ice Beast         Ice/Summ       0%           100%        4
 Lee's Rapid Deconstruct  Erth           0%           100%        5


Dungeon Overview and Level Annotations

Branches:
Dungeon (14/15)            Temple (1/1) D:4            Lair (6/6) D:8
  Swamp (0/4) Lair:3       Spider (0/4) Lair:3        Slime (0/5) Lair:6
    Orc (0/2) D:11        Ossuary (visited)
 Vaults: D:13-14

Altars:
Hepliaklqana
Kikubaaqudgha
Makhleb
Okawaru
Sif Muna
Uskayaw
Zin
The Shining One

Shops:
D:9 *   D:13 *


Innate Abilities, Weirdness & Mutations

You are resistant to damage.
You can heal yourself by infusing magical energy.
You resist negative energy. (rN+)
You passively map the area around you.
You do not regenerate.


Message History

A floating eye comes into view.
You closely miss the deep troll.
The deep troll is moderately wounded.
The floating eye seems to glare at you.
You block the deep troll's attack. x2; The deep troll claws you!
* * * LOW HITPOINT WARNING * * *
You barely miss the deep troll.
The deep troll is moderately wounded.
You slash the deep troll!
The deep troll is heavily wounded.
The floating eye gazes piercingly through you!
You suddenly lose the ability to move!
The deep troll bites you!!
* * * LOW HITPOINT WARNING * * *
The deep troll claws you!
* * * LOW HITPOINT WARNING * * *
The deep troll claws you.
* * * LOW HITPOINT WARNING * * *
The deep troll bites you!!
You die...

* , , , , ### , ,,
####.## , ,
##.#...####
,,..#.........#
,#.........#.##
#.......##...# ,*
.....###@#...# ,
... #.T#...## .
#..#c#....# ,*
#..*.##....# , *
... .G#.....#####
, * *
#.*..##....#....##
* #
..##...........#
**, ,
##.#......>.....##
, * ,*
*#...##.#....#.###


You could see a centaur warrior, a deep troll (drained) and a floating eye.

Vanquished Creatures
  Gastronok (Lair:1)
  A fire giant (D:13)
  A war gargoyle (D:13)
  A rakshasa (D:11)
  6 hydras
  5 centaur warriors
  2 two-headed ogres
  3 death yaks (Lair:6)
  Urug (Lair:2)
  An unseen horror (D:12)
  2 skeletal warriors (D:13)
  2 lindwurms (Lair:6)
  A bog body (Lair:3)
  3 deep elf magi
  Pikel (D:9)
  An orb spider (shapeshifter) (D:13)
  4 manticores
  A wolf spider zombie (D:14)
  5 ugly things
  3 cyclopes
  Joseph (D:8)
  Maurice (D:11)
  15 elephants
  8 black mambas
  21 cane toads
  A centaur skeleton (D:12)
  A gargoyle (D:11)
  2 torpor snails (Lair:6)
  4 rime drakes
  7 komodo dragons
  A tengu conjurer (D:11)
  5 trolls
  5 polar bears
  Grinder (D:5)
  20 blink frogs
  6 slime creatures
  A dream sheep (Lair:6)
  A shadow (D:11)
  2 redbacks
  A vampire (D:11)
  Eustachio (D:6)
  68 yaks
  5 wyverns
  A wraith (D:13)
  10 basilisks
  A soldier ant (D:13)
  An acid dragon (D:13)
  Edmund (D:6)
  22 water moccasins
  6 sky beasts
  A phantom (D:9)
  11 orc warriors
  4 eyes of draining
  2 black bears
  5 ice beasts
  An eye of draining (shapeshifter) (D:14)
  A necrophage (D:11)
  7 wolves
  11 ogres
  22 centaurs
  4 elf zombies (Ossuary)
  5 big kobolds
  2 wyvern zombies
  20 bullfrogs
  A wyvern skeleton (D:11)
  2 elf skeletons (D:7)
  A water moccasin zombie (D:7)
  2 scorpions (D:6)
  12 killer bees (D:11)
  2 electric eels (Lair:4)
  9 wights
  A vampire bat (D:10)
  5 howler monkeys
  4 centaur zombies
  2 bullfrog zombies
  15 orc priests
  2 human zombies
  7 hounds
  7 jellies
  22 orc wizards
  A bullfrog skeleton (D:9)
  10 iguanas
  2 hell rats (Lair:6)
  16 worker ants
  A big kobold zombie (Ossuary)
  3 hound skeletons
  2 mummies (Ossuary)
  A howler monkey zombie (D:5)
  8 gnolls
  11 adders
  2 shadow imps (D:6)
  7 white imps
  2 ufetubi
  3 oozes
  5 adder skeletons
  2 adder zombies
  2 worms
  A dart slug (D:2)
  4 leopard geckos
  62 orcs
  3 ball pythons
  12 bats
  7 giant cockroaches
  7 goblins
  9 hobgoblins
  6 jackals
  15 kobolds
  8 quokkas
  10 frilled lizards
  9 hobgoblin zombies (Ossuary)
  9 kobold zombies (Ossuary)
  An orc skeleton (D:7)
  11 orc zombies
  A quokka skeleton (D:4)
  14 rats
  2 rat zombies (Ossuary)
724 creatures vanquished.

Vanquished Creatures (collateral kills)
  2 hydras (Lair:6)
  A black mamba (Lair:6)
  A rime drake (Lair:6)
  A dream sheep (Lair:6)
5 creatures vanquished.

Vanquished Creatures (others)
  A hound (D:5)
  An orc wizard (D:6)
  2 orcs (D:5)
  A bush (Lair:6)
  31 fungi
  28 plants
64 creatures vanquished.

Grand Total: 793 creatures vanquished

Notes
Turn   | Place    | Note
-------+----------+-------------------------------------------
     0 | D:1      | Fulmax the Deep Dwarf Fighter began the quest for the Orb.
     0 | D:1      | Reached XP level 1. HP: 20/20 MP: 1/1
   107 | D:1      | Reached XP level 2. HP: 28/28 MP: 2/2
   269 | D:1      | Reached skill level 3 in Axes
   313 | D:1      | Reached XP level 3. HP: 29/34 MP: 3/3
   568 | D:2      | Reached XP level 4. HP: 29/44 MP: 4/4
   758 | D:2      | Reached skill level 4 in Axes
  1274 | D:3      | Reached XP level 5. HP: 21/50 MP: 5/5
  1294 | D:3      | Found a faded altar of an unknown god.
  1879 | D:4      | Reached skill level 5 in Axes
  2026 | D:4      | Reached XP level 6. HP: 9/60 MP: 6/6
  2043 | D:4      | Found a shimmering blue altar of Sif Muna.
  2101 | D:4      | Reached skill level 5 in Fighting
  2111 | D:4      | Found an ancient bone altar of Kikubaaqudgha.
  2174 | D:4      | Noticed an orc warrior
  2188 | D:4      | Killed an orc warrior
  2189 | D:4      | Reached skill level 6 in Axes
  2189 | D:4      | Reached XP level 7. HP: 8/67 MP: 7/7
  2317 | D:4      | Found a staircase to the Ecumenical Temple.
  2345 | Temple   | Entered the Ecumenical Temple
  2352 | Temple   | Became a worshipper of Makhleb the Destroyer
  2552 | D:5      | Entered Level 5 of the Dungeon
  2576 | D:5      | Found a glowing golden altar of the Shining One.
  2590 | D:5      | Noticed Grinder
  2652 | D:5      | Paralysed by Grinder for 4 turns
  2661 | D:5      | Killed Grinder
  2662 | D:5      | Reached skill level 7 in Axes
  2662 | D:5      | Reached XP level 8. HP: 29/76 MP: 7/7
  3317 | D:6      | Reached skill level 5 in Armour
  3331 | D:6      | Reached skill level 5 in Shields
  3342 | D:6      | Reached * piety under Makhleb
  3353 | D:6      | Noticed Edmund
  3379 | D:6      | Killed Edmund
  3462 | D:6      | Noticed Eustachio
  3511 | D:6      | Killed Eustachio
  3512 | D:6      | Reached skill level 8 in Axes
  3550 | D:6      | Gained mutation: You passively map the area around you.
                  | [Deep Dwarf growth]
  3550 | D:6      | Reached XP level 9. HP: 36/86 MP: 5/5
  3919 | D:6      | Found an iron altar of Okawaru.
  4201 | D:7      | Reached ** piety under Makhleb
  4318 | D:7      | Found a sand-covered staircase.
  4335 | Ossuary  | Entered an ossuary
  4562 | Ossuary  | Reached *** piety under Makhleb
  4864 | D:7      | Reached XP level 10. HP: 96/96 MP: 6/6
  5050 | D:8      | Found a staircase to the Lair.
  5111 | D:8      | Noticed Joseph
  5128 | D:8      | Killed Joseph
  5128 | D:8      | Reached **** piety under Makhleb
  5223 | D:8      | Reached skill level 1 in Invocations
  5223 | D:8      | Reached skill level 1 in Evocations
  5929 | D:9      | Found Cyffuh's Assorted Antiques.
  6131 | D:9      | Noticed Pikel
  6152 | D:9      | Killed Pikel
  6240 | D:9      | Reached ***** piety under Makhleb
  6420 | D:9      | Found a burning altar of Makhleb.
  6629 | D:10     | Entered Level 10 of the Dungeon
  6671 | D:10     | Reached XP level 11. HP: 101/102 MP: 10/10
  6776 | D:10     | Reached skill level 9 in Axes
  6894 | D:10     | Reached skill level 5 in Invocations
  6908 | D:10     | Reached skill level 5 in Evocations
  7519 | D:11     | Reached skill level 10 in Armour
  7579 | D:11     | Noticed Maurice
  7613 | D:11     | Killed Maurice
  8008 | D:11     | Noticed a two-headed ogre
  8012 | D:11     | Noticed a cyan ugly thing
  8028 | D:11     | Killed a two-headed ogre
  8044 | D:11     | Killed a cyan ugly thing
  8045 | D:11     | Reached skill level 10 in Axes
  8195 | D:11     | Reached skill level 10 in Fighting
  8210 | D:11     | Noticed a cyan ugly thing
  8238 | D:11     | Killed a cyan ugly thing
  8239 | D:11     | Reached XP level 12. HP: 53/116 MP: 13/13
  8296 | D:11     | Found a staircase to the Orcish Mines.
  8979 | D:11     | Noticed a rakshasa
  8987 | D:11     | Noticed a centaur warrior
  9006 | D:11     | Reached ****** piety under Makhleb
  9040 | D:11     | Killed a rakshasa
  9048 | D:11     | Killed a centaur warrior
  9100 | D:11     | Reached skill level 11 in Axes
  9862 | D:12     | Got a steaming bardiche
  9868 | D:12     | Identified the +7 bardiche "Gubothra" {vorpal, Fragile
                  | Will+ Dex+4} (You found it on level 12 of the Dungeon)
 10074 | D:12     | Noticed a seven-headed hydra
 10086 | D:12     | Killed a 12-headed hydra
 10152 | D:13     | Found Bubeh's General Store.
 10155 | D:13     | Bought a wand of polymorph (10) for 192 gold pieces
 10166 | D:13     | Noticed a centaur warrior
 10179 | D:13     | Killed a centaur warrior
 10194 | D:13     | Reached XP level 13. HP: 126/127 MP: 0/13
 10234 | D:13     | Reached skill level 12 in Axes
 10517 | D:13     | Got a warped war axe
 10518 | D:13     | Identified the +9 war axe of Yhu Lutys {drain, *Contam
                  | *Slow rPois Will++ Stlth+} (You found it on level 13 of the
                  | Dungeon)
 10597 | D:13     | Identified the +6 flail of Sugyed {flame, rF+ MP+9 Int-4}
 10598 | D:13     | Noticed a fire giant
 10602 | D:13     | Noticed a war gargoyle
 10616 | D:13     | Killed a fire giant
 10620 | D:13     | Killed a war gargoyle
 10621 | D:13     | Reached skill level 13 in Axes
 11218 | Lair:1   | Entered Level 1 of the Lair of Beasts
 11232 | Lair:1   | Noticed Gastronok
 11258 | Lair:1   | Killed Gastronok
 11329 | Lair:1   | Found an ancient bone altar of Kikubaaqudgha.
 11470 | Lair:1   | Reached skill level 14 in Axes
 11936 | Lair:2   | Gained mutation: You resist negative energy. (rN+) [Deep
                  | Dwarf growth]
 11936 | Lair:2   | Reached XP level 14. HP: 141/141 MP: 14/14
 12213 | Lair:2   | Noticed Urug
 12232 | Lair:2   | Killed Urug
 12749 | Lair:3   | Found a hole to the Spider Nest.
 13124 | Lair:3   | Found a staircase to the Swamp.
 14332 | Lair:5   | Got a twisted ring mail
 14343 | Lair:5   | Identified the +4 ring mail the Silly Griffon {Rampage
                  | rElec} (You found it on level 5 of the Lair of Beasts)
 14828 | Lair:6   | Entered Level 6 of the Lair of Beasts
 14866 | Lair:6   | Reached skill level 10 in Evocations
 14870 | Lair:6   | Reached skill level 10 in Invocations
 15189 | Lair:6   | Found a staircase to the Slime Pits.
 15503 | Lair:6   | Reached XP level 15. HP: 129/151 MP: 15/17
 15512 | Lair:6   | Reached skill level 15 in Axes
 16357 | D:14     | Paralysed by a floating eye for 4 turns
 16359 | D:14     | Mangled by a deep troll

Illustrated notes

Levels and vault maps discovered:
D:1:      saegor_arrival_simple_e, layout_rooms, minmay_misc_feat_encased
D:2:      layout_basic, chequers_garden, minmay_misc_feat_five
D:3:      layout_loops_ring, chequers_ecumenical_altar_simple
D:4:      layout_loops_cross, led_sif_pool, minmay_temple_entry_wispy,
          chequers_serial_rivers_marsh, lemuel_tele_altar
D:5:      layout_rooms, basic_altar, grunt_ministairs_9, lemuel_flame_loot_1,
          uniq_grinder
D:6:      layout_basic, okawaru_metal_pillars_1_2, uniq_eustachio, uniq_edmund
D:7:      layout_cave_pools, nicolae_ossuary_entry_catacombs,
          minmay_tree_intersection
D:8:      layout_basic, lair_entry_dummy, uniq_joseph
D:9:      layout_loops_ring, serial_shops, nicolae_shop_behind_doors,
          bloody_makhleb, uniq_pikel
D:10:     layout_loops_ring, roderic_batcave
D:11:     minmay_the_grid_octo_triangle [minmay_the_grid_octo_focus,
          minmay_the_grid_octo_prize_big_c, minmay_the_grid_octo_clover],
          layout_long_grid, kennysheep_orc_monster_closet_entryway, uniq_maurice
D:12:     layout_basic, amcnicky_mini_pool_small
D:13:     minmay_outward_triangles, layout_loops_ring, serial_shops, shop
D:14:     minmay_bad_star, layout_cave_pools, grunt_vaults_entry_tiered
Temple:   regret_index_temple_sigil_plot
Lair:1:   layout_long_grid, basic_altar, grunt_megastairs_4, uniq_gastronok
Lair:2:   layout_loops_ring, cheibrodos_lair_caveside_slide, grunt_megastairs_5,
          uniq_urug
Lair:3:   layout_gridlike, skrybe_swamp_entry_bodies, spider_nest_entry_a
Lair:4:   layout_cave_pods, beast_lair_carwin_11, serial_bayou_shore_b,
          infiniplex_staircase_pool, serial_bayou_shore_a
Lair:5:   layout_cave_shapes
Lair:6:   hangedman_lair_in_review, layout_cave_pods, dpeg_slime_entry_corner,
          st_stairs_5, serial_bayou_pond_d, kennysheep_basilisk_garden,
          infiniplex_staircase_pool_2

Skill      XL: |  1  2  3  4  5  6  7  8  9 10 11 12 13 14 15 |
---------------+----------------------------------------------+-----
Fighting       | 3 4 5 6 7 8 9 10 11 13 14 | 14.1
Axes           | 3 4 5 6 7 8 10 11 14 15 | 15.2
Armour         | 4 5 8 9 10 12 13 | 13.4
Shields        | 4 5 8 |  8.0
Invocations    | 4 7 8 10 11 | 11.2
Evocations     | 4 7 8 10 11 | 11.2

Action                   |  1- 3 |  4- 6 |  7- 9 | 10-12 | 13-15 || total
-------------------------+-------+-------+-------+-------+-------++-------
Melee: War axe           |    93 |   156 |   348 |       |   613 ||  1210
       Falchion          |       |       |   157 |    64 |       ||   221
       Hand axe          |       |       |    74 |  1352 |       ||  1426
       Short sword       |       |       |       |    83 |       ||    83
       Bardiche          |       |       |       |    47 |    86 ||   133
Throw: Throwing net      |       |       |       |     3 |     4 ||     7
       Javelin           |       |       |       |       |     3 ||     3
Invok: Minor Destruction |       |       |       |       |    16 ||    16
       Major Destruction |       |       |       |       |    15 ||    15
       Greater Servant o |       |       |       |       |     2 ||     2
       Lesser Servant of |       |       |       |       |     1 ||     1
 Abil: Heal Wounds       |       |     3 |     5 |    14 |     3 ||    25
Evoke: Wand              |       |       |    10 |    11 |     2 ||    23
  Use: Scroll            |       |    18 |     2 |     5 |     8 ||    33
       Potion            |       |     2 |     1 |     3 |     1 ||     7
 Stab: Held in net/web   |       |       |       |     1 |     3 ||     4
Armor: Scale mail        |    40 |    48 |     7 |       |       ||    95
       Plate armour      |       |       |   300 |   905 |   299 ||  1504
       Ring mail         |       |       |       |       |   143 ||   143
Dodge: Dodged            |    28 |    39 |    76 |   264 |   221 ||   628
Block: Kite shield       |    55 |    68 |   263 |   710 |   365 ||  1461
       Rpst.: Falchion   |       |       |     4 |     1 |       ||     5
